 Dungeon Crawl Stone Soup version 0.17-a0-1515-gfae3d72 (webtiles) character file.

3952 Sevack the Blocker (level 10, 0/76 HPs)
             Began as a Human Fighter on July 12, 2015.
             Was a Believer of Okawaru.
             Slain by a blink frog (14 damage)
             ... on level 1 of the Lair of Beasts.
             The game lasted 01:04:38 (10144 turns).

Sevack the Blocker (Human Fighter)                 Turns: 10144, Time: 01:04:38

Health: 0/76       AC: 13    Str: 22    XL:     10   Next: 45%
Magic:  10/10      EV: 10    Int:  8    God:    Okawaru [**....]
Gold:   510        SH: 17    Dex: 14    Spells: 0 memorised, 9 levels left

rFire  . . .     SeeInvis .     a - +3 long sword
rCold  . . .     Clarity  .     b - +1 scale mail
rNeg   . . .     SustAt   +     o - +0 large shield
rPois  .         Gourm    .     k - +0 helmet
rElec  .         Spirit   .     i - +0 cloak
rCorr  .         Warding  .     l - +0 pair of gloves
rMut   .         Stasis   .     p - +0 pair of boots
MR     .....                    j - amulet of rage
Stlth  ..........               G - ring of sustain attributes
                                C - +3 ring of strength

@: very slightly contaminated, not resistant to hostile enchantments, extremely
unstealthy
A: no striking features
a: Heroism, Renounce Religion, Evoke Berserk Rage


You were on level 1 of the Lair of Beasts.
You worshipped Okawaru.
Okawaru was pleased with you.
You were not hungry.

You visited 3 branches of the dungeon, and saw 11 of its levels.
You also visited: Ossuary and Bailey.

You collected 510 gold pieces.

Inventory:

Hand weapons
 a - a +3 long sword (weapon)
Armour
 b - a +1 scale mail (worn)
 i - a +0 cloak (worn)
 k - a +0 helmet (worn)
 l - a +0 pair of gloves (worn)
 o - a +0 large shield (worn)
 p - a +0 pair of boots (worn)
Jewellery
 j - an amulet of rage (around neck)
 C - a +3 ring of strength (left hand)
 G - a ring of sustain attributes (right hand)
Magical devices
 e - a wand of magic darts (23)
 t - a wand of fire (3)
 H - a wand of frost (29)
Scrolls
 c - 5 scrolls of remove curse
 f - a scroll of amnesia
 n - a scroll of recharging
 y - a scroll of blinking
Potions
 d - a potion of might
 g - 2 potions of curing
 r - a potion of invisibility
 s - a potion of haste {unknown}
 u - a potion of lignification {unknown}
 v - a potion of degeneration {unknown}
 w - a potion of magic {unknown}
 z - a potion of cure mutation {unknown}
 A - a potion of heal wounds
 D - a potion of berserk rage {unknown}
Comestibles
 h - 4 meat rations
 m - 3 slices of pizza
 q - 2 beef jerkies


   Skills:
 + Level 5.9 Fighting
 + Level 7.0 Long Blades
 + Level 6.4 Armour
 + Level 5.9 Dodging
 - Level 1.0 Stealth
 + Level 8.8 Shields


You had 9 spell levels left.
You didn't know any spells.

Dungeon Overview and Level Annotations

Branches:
Dungeon (9/15)             Temple (1/1) D:4            Lair (1/8) D:9
    Orc: D:9-12

Altars:
Ashenzari
Cheibriados
Dithmenos
Elyvilon
Fedhas
Gozag
Kikubaaqudgha
Makhleb
Nemelex Xobeh
Okawaru
Qazlal
Ru
Sif Muna
Trog
Vehumet
Xom
Yredelemnul
Zin
The Shining One

Shops:
D:5 *   D:9 :


Message History

a river rat corpse x2
The blink frog blinks!
The blink frog blinks!
The blink frog blinks! x2
The blink frog blinks! x2
You slash the blink frog!
The blink frog is almost dead.
You block the blink frog's attack.
The blink frog blinks!
The blink frog hits you!
* * * LOW HITPOINT WARNING * * *
The blink frog blinks!
You hit the blink frog.
You kill the blink frog!
Okawaru accepts your kill.
Your Long Blades skill increases to level 7!
The blink frog blinks!
You miss the blink frog.
The blink frog is severely wounded.
The blink frog hits you!
You die...

...............,,,..........F....
.####'.##.....####+.......#.###.P
.# #.###...........#.....#§.....
.# ##'##P.....#..................
.* #..###.........†.#............
.* #..##P.....#....†........†....
.* #..'.......#.....§.....#......
.* ##'.##....F#PF##.#.....#......
.####.P##...F...@...........####.
..##.'###........................
.................................
###.#####P#######.#############.#
### ### ### ##*


You could see 3 blink frogs.

Vanquished Creatures
  A troll (D:9)
  A blink frog (Lair:1)
  A hippogriff (D:8)
  2 water moccasins (Lair:1)
  3 wasps
  An ice beast (D:6)
  3 ogres
  A phantom (D:7)
  3 centaurs (D:8)
  2 sky beasts (D:8)
  An orc warrior (D:6)
  3 giant frogs
  4 scorpions
  4 killer bees (D:8)
  5 crimson imps
  A hound (D:5)
  2 quasits
  3 jellies
  5 orc priests
  2 giant frog skeletons
  7 orc wizards
  A centaur skeleton (D:8)
  An iguana (D:7)
  4 worker ants
  3 hound zombies
  13 mummies (Ossuary)
  6 river rats (Lair:1)
  8 adders
  2 adder zombies
  4 worms
  4 giant geckos
  27 orcs
  3 ball pythons
  2 bat skeletons
  7 giant cockroaches
  10 goblins
  6 hobgoblins
  3 jackals (D:2)
  13 kobolds
  4 quokkas
  4 bats
  A giant gecko zombie (D:7)
  2 giant newts
  3 gnoll skeletons (Ossuary)
  A goblin skeleton (Ossuary)
  A kobold skeleton (Ossuary)
  A quokka skeleton (D:9)
  9 rats
  11 rat skeletons (Ossuary)
  2 rat zombies (D:6)
211 creatures vanquished.

Vanquished Creatures (others)
  2 kobold skeletons (Ossuary)
  An orc skeleton (Ossuary)
3 creatures vanquished.

Grand Total: 214 creatures vanquished

Notes
Turn   | Place    | Note
--------------------------------------------------------------
     0 | D:1      | Sevack the Human Fighter began the quest for the Orb.
     0 | D:1      | Reached XP level 1. HP: 18/18 MP: 1/1
   280 | D:1      | Reached XP level 2. HP: 21/24 MP: 2/2
   660 | D:2      | Reached XP level 3. HP: 25/29 MP: 3/3
   956 | D:2      | Found a sacrificial altar of Ru.
  1030 | D:2      | Reached XP level 4. HP: 35/35 MP: 4/4
  1721 | D:3      | Found a shattered altar of Ashenzari.
  1944 | D:3      | Reached skill level 1 in Dodging
  1944 | D:3      | Reached XP level 5. HP: 12/41 MP: 5/5
  1956 | D:3      | Reached skill level 4 in Armour
  2205 | D:3      | Found a radiant altar of Vehumet.
  2242 | D:3      | Reached XP level 6. HP: 45/47 MP: 6/6
  2872 | D:4      | Found a staircase to the Ecumenical Temple.
  2881 | Temple   | Entered the Ecumenical Temple
  3467 | D:5      | Entered Level 5 of the Dungeon
  4032 | D:5      | Reached XP level 7. HP: 53/53 MP: 7/7
  4043 | D:5      | Found an opulent altar of Gozag.
  4045 | D:5      | Found Gozag's Platinum Reserve.
  4484 | D:6      | Reached skill level 5 in Shields
  4499 | D:6      | Found a sand-covered staircase.
  4507 | Ossuary  | Entered an ossuary
  5214 | D:6      | Reached XP level 8. HP: 54/60 MP: 8/8
  5233 | D:6      | Found an iron altar of Okawaru.
  5469 | D:6      | Reached skill level 5 in Armour
  5879 | D:6      | Became a worshipper of Warmaster Okawaru
  6191 | D:7      | Reached skill level 6 in Shields
  6246 | D:7      | Found a flagged portal.
  6259 | Bailey   | Entered a bailey
  6629 | D:7      | Found a bloodstained altar of Trog.
  6632 | D:7      | Found an iron altar of Okawaru.
  6632 | D:7      | Found a shattered altar of Ashenzari.
  6640 | D:7      | Found a shimmering altar of Xom.
  6654 | D:7      | Reached skill level 5 in Long Blades
  7017 | D:7      | Reached skill level 5 in Fighting
  7017 | D:7      | Reached XP level 9. HP: 59/68 MP: 9/9
  7355 | D:8      | Acquired Okawaru's first power
  7355 | D:8      | Reached skill level 7 in Shields
  7585 | D:8      | Paralysed by a wasp for 3 turns
  7608 | D:8      | Reached skill level 5 in Dodging
  8345 | D:8      | Found a radiant altar of Vehumet.
  8522 | D:8      | Reached skill level 1 in Stealth
  8522 | D:8      | Reached XP level 10. HP: 28/74 MP: 10/10
  8832 | D:8      | Reached skill level 8 in Shields
  9053 | D:9      | Found a staircase to the Lair.
  9080 | D:9      | Found Unoraqoe's Book Boutique.
  9407 | D:9      | Found a sparkling altar of Nemelex Xobeh.
  9410 | D:9      | Found a glowing golden altar of the Shining One.
  9413 | D:9      | Found a shadowy altar of Dithmenos.
  9587 | Lair:1   | Entered Level 1 of the Lair of Beasts
 10144 | Lair:1   | Slain by a blink frog

Vault maps used:
D:1:      lightli_iron_boxes
D:2:      hangedman_ru_absence
D:3:      old_standard_altar, ashenzari_altar_1
D:4:      temple_fountains, bh_walls_and_bars
D:5:      nicolae_gozag_zags_fifth_avenue, first_bread
D:6:      basic_altar, enter_ossuary_4
D:7:      grunt_temple_overflow_open, enter_bailey_2
D:8:      basic_altar
D:9:      grunt_temple_overflow_diamond, lair_0_dummy, serial_shops,
          nicolae_shop_stone
Temple:   chambers_temple_10
Lair:1:   grunt_megastairs_2
Ossuary:  ossuary_due_small_catacomb
Bailey:   bailey_polearm_2, bailey

Action                   |  1- 3 |  4- 6 |  7- 9 | 10-12 || total
-------------------------+-------+-------+-------+-------++-------
Melee: Long sword        |    91 |   184 |   522 |   135 ||   932
Invok: Heroism           |       |       |       |     1 ||     1
  Use: Scroll            |     3 |     9 |    15 |     5 ||    32
       Potion            |       |     5 |     4 |     1 ||    10
  Eat: Bread ration      |     1 |     2 |     2 |     1 ||     6
       Fruit             |       |       |     4 |     2 ||     6
